 Dungeon Crawl Stone Soup version 0.28.0-47-ge53b351184 (webtiles) character file.

Game seed: 14902436827738698423

213 101zpm the Magician (level 6, -21/42 HPs)
             Began as a Djinni Ice Elementalist on Apr 26, 2022.
             Killed from afar by an orc (22 damage)
             ... with a bolt of acid
             ... on level 4 of the Dungeon.
             The game lasted 00:04:12 (3011 turns).

101zpm the Magician (Djinni Ice Elementalist)       Turns: 3011, Time: 00:04:12

Health: -21/42     AC: -2    Str: 11    XL:     6   Next: 14%
Gold:   70         EV: 12    Int: 19    God:
                   SH:  0    Dex: 13

rFire   + + .      SeeInvis .   h - +5 dagger "Huopnop" {spect, rC+ Str+4}
rCold   . . .      Faith    .   (no shield)
rNeg    . . .      Spirit   .   a - +0 robe
rPois   ∞          Reflect  .   (no helmet)
rElec   .          Harm     .   (no cloak)
rCorr   .          Rampage  .   (no gloves)
Will    .....                   (boots unavailable)
Stlth   ++........              (no amulet)
HPRegen 0.14/turn               (no ring)
MPRegen 0.00/turn               (no ring)

@: corroded, flying
A: sickness immunity, fire resistance 2, cold vulnerability 1, float, innate
caster, HP casting, extra vitality 1
a: no special abilities


You were on level 4 of the Dungeon.
You visited 1 branch of the dungeon, and saw 4 of its levels.

You collected 70 gold pieces.

Inventory:

Hand Weapons
 h - the +5 dagger "Huopnop" (weapon) {spect, rC+ Str+4}
   (You found it on level 2 of the Dungeon)

   When its wielder attacks, the weapon's spirit leaps out and strikes again.
   The spirit shares a part of any damage it takes with its wielder.
   Str:       It affects your strength (+4).
   rC:        It protects you from cold.
Armour
 a - a +0 robe (worn)
Jewellery
 q - a +4 ring of protection
Scrolls
 b - a scroll of fear {unknown}
 c - 2 scrolls of teleportation {unknown}
 d - a scroll of enchant weapon {unknown}
 l - a scroll of blinking {unknown}
 o - a scroll of amnesia {unknown}
 p - a scroll of identify {unknown}
 r - a scroll of torment {unknown}
Potions
 e - a potion of might {unknown}
 f - a potion of curing {unknown}
 g - a potion of berserk rage
 i - 2 potions of heal wounds {unknown}
 j - a potion of lignification {unknown}
 k - a potion of brilliance {unknown}
 m - a potion of resistance {unknown}
 n - a potion of mutation {unknown}


   Skills:
 + Level 1.1 Fighting
 + Level 1.3 Short Blades
 + Level 2.8 Dodging
 + Level 2.4 Stealth
 + Level 4.6 Spellcasting


You couldn't memorise any spells.
You knew the following spells:

 Your Spells              Type           Power      Damage    Failure   Level
a - Freeze                Ice            88%        1d10      1%          1
b - Frozen Ramparts       Ice            44%        1d6       5%          3
c - Ozocubu's Armour      Ice            22%        N/A       5%          3
d - Hailstorm             Conj/Ice       22%        3d7       19%         4
e - Slow                  Hex            88%        N/A       1%          1
f - Ensorcelled Hibernat  Hex/Ice        44%        N/A       2%          2
Your spell library was empty.

Dungeon Overview and Level Annotations

Branches:
Dungeon (4/15)
 Temple: D:4-7

Altars:
Dithmenos
Hepliaklqana
Okawaru
Trog
Uskayaw


Innate Abilities, Weirdness & Mutations

You are immune to sickness and miasma.
You are immune to poison.
Your flesh is very heat resistant. (rF++)
You are vulnerable to cold. (rC-)
You float through the air rather than walking.
You learn spells naturally, not from books.
Your magical power is your life essence.
You have superior vitality. (+4 MHP)


Message History

a +0 hand axe; a howler monkey corpse You hit the orc.
The orc is moderately wounded.
Your +5 dagger "Huopnop" {spect, rC+ Str+4} hits the orc!
You kill the orc!
You start resting.
A worm comes into view.
Things that are here:
a +1 dagger of speed; an orc corpse An orc comes into view.
It is wielding a +0 short sword and carrying a wand of acid (12).
The orc shouts!
You hit the worm.
The worm is lightly wounded.
Your +5 dagger "Huopnop" {spect, rC+ Str+4} hits the worm.
You hear a shout! x2
An orc wizard comes into view. It is wielding a +0 dagger.
You hit the worm but do no damage.
The worm is lightly wounded.
Your +5 dagger "Huopnop" {spect, rC+ Str+4} hits the worm.
An orc comes into view. It is wielding a +0 club.
You hit the worm.
The worm is heavily wounded.
Your +5 dagger "Huopnop" {spect, rC+ Str+4} hits the worm!
The orc zaps a wand.
The bolt of acid hits your +5 dagger "Huopnop" {spect, rC+ Str+4}!!
Your spectral weapon shares its damage with you!
The bolt of acid hits you!!
Ouch! That really hurt!
* * * LOW HITPOINT WARNING * * *
The acid corrodes you!
* * * LOW HITPOINT WARNING * * *
The orc wizard mumbles some strange words.
The orc wizard flickers and vanishes!
Deactivating autopickup; reactivate with Ctrl-A.
An orc wizard comes into view. It is wielding a +2 dagger of draining.
The orc wizard moves out of view.
A hobgoblin comes into view.
The orc zaps a wand.
The bolt of acid hits you!!
Ouch! That really hurt!
You die...

#.# #g. ... ... #.#
#.####... # #.#
#.#...... .#.#.###.#
#.#.#...
.......<.###..... ..
...#....)....[.# ...
#.#######)###...#...
#......))@.w....#.#$.
#########..o.#.......#
####.$..##.#.#
#####...##.#
#....._....#
#.###....### #..#.#
#o##.# .o# #


You could see a worm, an orc and a hobgoblin (wandering).

Vanquished Creatures
  A howler monkey (D:4)
  2 orc wizards
  Terence (D:3)
  5 adders
  An adder skeleton (D:4)
  A worm (D:2)
  2 dart slugs
  7 orcs
  3 bats
  2 endoplasms
  A goblin (D:3)
  3 hobgoblins
  6 kobolds (D:2)
  A quokka (D:2)
  2 ball pythons (D:2)
  4 rats
42 creatures vanquished.

Notes
Turn   | Place    | Note
-------+----------+-------------------------------------------
     0 | D:1      | 101zpm the Djinni Ice Elementalist began the quest for the
                  | Orb.
     0 | D:1      | Reached XP level 1. HP: 15/15 MP: 0/0
   573 | D:2      | Reached XP level 2. HP: 6/21 MP: 0/0
   797 | D:2      | Identified the +5 dagger "Huopnop" {spect, rC+ Str+4}
   827 | D:2      | Reached XP level 3. HP: 21/25 MP: 0/0
   827 | D:2      | Learned a level 1 spell: Slow
   995 | D:2      | Found an iron altar of Okawaru.
  1094 | D:2      | Reached skill level 4 in Spellcasting
  1852 | D:3      | Found a shadowy altar of Dithmenos.
  1861 | D:3      | Noticed Terence
  1868 | D:3      | Killed Terence
  1869 | D:3      | Reached XP level 4. HP: 18/31 MP: 0/0
  2143 | D:3      | Found a hazy altar of Hepliaklqana.
  2143 | D:3      | Found a hide-covered altar of Uskayaw.
  2418 | D:3      | Reached XP level 5. HP: 35/35 MP: 0/0
  2418 | D:3      | Learned a level 2 spell: Ensorcelled Hibernation
  2539 | D:3      | Reached skill level 1 in Short Blades
  2852 | D:4      | Found a bloodstained altar of Trog.
  2915 | D:4      | Reached skill level 1 in Fighting
  2917 | D:4      | Reached XP level 6. HP: 22/42 MP: 0/0
  3008 | D:4      | HP: 2/42 [orc/bolt of acid (28)]
  3011 | D:4      | Killed from afar by an orc

Illustrated notes

Levels and vault maps discovered:
D:1:      dpeg_arrival_fog, layout_basic
D:2:      layout_loops_ring, basic_altar, hangedman_decor_growths,
          hangedman_decor_peaks_small, minmay_goblin_kobold_house
D:3:      layout_basic, nicolae_dithmenos_shadow_blocks,
          grunt_temple_overflow_open, uniq_terence
D:4:      layout_loops_ring, bloody_trog, mainiacjoe_overflow_cross_hatched,
          minmay_fractal_squares_gapless_5

Skill      XL: |  1  2  3  4  5 |
---------------+----------------+-----
Spellcasting   | 4 |  4.6
Stealth        | 2 |  2.4
Short Blades   | 1 |  1.3
Fighting       | 1 |  1.1
Dodging        | |  2.8

Action                   |  1- 3 |  4- 6 || total
-------------------------+-------+-------++-------
Melee: Unarmed           |     1 |       ||     1
       Dagger            |    33 |    44 ||    77
 Cast: Freeze            |    13 |       ||    13
       Frozen Ramparts   |       |     3 ||     3
       Ozocubu's Armour  |       |     2 ||     2
 Stab: Sleeping          |     1 |     1 ||     2
       Distracted        |     1 |       ||     1
Armor: Robe              |     7 |     4 ||    11
Dodge: Dodged            |    18 |    14 ||    32
